 Dungeon Crawl Stone Soup version 0.24-a0-539-g6aae15eeb0 (webtiles) character file.

Game seed: 3579703109282200519

250740 MordorOrchid the Tortoise (level 19, -18/174 HPs)
             Began as a Gargoyle Wanderer on Aug 16, 2019.
             Was a Priest of Qazlal.
             Demolished by a titanic slime creature (46 damage)
             ... on level 4 of the Pits of Slime on Aug 17, 2019.
             The game lasted 03:27:25 (33460 turns).

MordorOrchid the Tortoise (Gargoyle Wanderer)      Turns: 33460, Time: 03:27:25

Health: -18/174    AC: 43    Str: 31 (32) XL:     19   Next: 64%
Magic:  26/26      EV: 10    Int: 18      God:    Qazlal [***...]
Gold:   1355       SH: 21    Dex:  9      Spells: 25/31 levels left

rFire    + . .     SeeInvis .   a - +9 long sword
rCold    . . .     Gourm    .   F - +0 shield of Tukail {rC+} (curse)
rNeg     + . .     Faith    .   G - +2 plate armour {rF+}
rPois    ∞         Spirit   .   D - +1 hat {Int+3}
rElec    +         Reflect  +   L - +0 cloak
rCorr    +         Harm     .   e - +2 pair of gloves
MR       ++++.     Rnd*Tele +   n - +2 pair of boots of the Dolphin {rC- MR+++ Str+7}
Stlth    ..........             B - +2 amulet of reflection
HPRegen  0.39/turn              i - +4 ring of protection
MPRegen  0.20/turn              j - ring of resist corrosion

@: berserking (expiring), flying, very quick
A: big wings, deformed body, deterioration 1, dopey 1, low mp 1, negative energy
resistance 1, electricity resistance, teleportitis 1, unbreathing, petrification
resistance, rot immunity, AC +14
}: 2/15 runes: serpentine, barnacled
a: Stop Flying, Upheaval, Elemental Force, Renounce Religion


You were on level 4 of the Pits of Slime.
You worshipped Qazlal.
Qazlal was most pleased with you.
You were not hungry.

You visited 7 branches of the dungeon, and saw 35 of its levels.
You also visited: Ossuary and Ice Cave.

You collected 3067 gold pieces.
You spent 1712 gold pieces at shops.

Inventory:

Hand Weapons
 a - a +9 long sword (weapon)
 y - a +5 rapier of electrocution
Missiles
 k - 8 atropa-tipped darts
 r - 53 boomerangs (quivered)
 z - 3 throwing nets
 U - 74 javelins
Armour
 e - a +2 pair of gloves (worn)
 n - the +2 pair of boots of the Dolphin (worn) {rC- MR+++ Str+7}
   (You found it on level 4 of the Shoals)

   It affects your strength (+7).
   It makes you vulnerable to cold.
   It affects your resistance to hostile enchantments.
 D - a +1 hat of intelligence (worn)
 F - the cursed +0 shield of Tukail (worn) {rC+}
   (You found it on level 5 of the Lair of Beasts)

   It protects you from cold.
   It has a curse placed upon it.
 G - a +2 plate armour of fire resistance (worn)
 L - a +0 cloak (worn)
Jewellery
 i - a +4 ring of protection (left hand)
 j - a ring of resist corrosion (right hand)
 B - a +2 amulet of reflection (around neck)
 S - an uncursed ring of protection from cold
 Y - an uncursed amulet of rage
Wands
 b - a wand of digging (2)
 m - a wand of enslavement (20)
 t - a wand of iceblast (22)
 C - a wand of acid (10)
 I - a wand of paralysis (18)
 J - a wand of clouds (4)
 N - a wand of polymorph (8)
 Z - a wand of disintegration (8)
Scrolls
 u - 5 scrolls of blinking
 v - 7 scrolls of immolation
 E - a scroll of magic mapping
 M - 7 scrolls of fog
 Q - 11 scrolls of teleportation
 R - 14 scrolls of identify
 W - 7 scrolls of fear
Potions
 c - a potion of invisibility
 d - a potion of might
 h - a potion of berserk rage
 l - 3 potions of resistance
 o - 5 potions of haste
 p - 3 potions of agility
 q - 4 potions of heal wounds
 w - 12 potions of curing
 A - 3 potions of brilliance
 O - a potion of magic
Miscellaneous
 f - a phial of floods
 H - a lamp of fire
 K - a box of beasts
 X - 2 phantom mirrors
Comestibles
 g - 59 rations


   Skills:
 - Level 12.0 Fighting
 - Level 15.3 Long Blades
   Level 1.0 Bows
   Level 2.0 Crossbows
 * Level 10.0 Throwing
 - Level 16.5 Armour
 - Level 5.0 Dodging
 - Level 3.2 Stealth
 - Level 15.0 Shields
 - Level 6.6 Spellcasting
 - Level 5.0 Summonings
 - Level 2.0 Transmutations
 - Level 5.0 Air Magic
 - Level 5.0 Earth Magic
 * Level 10.2 Invocations
 - Level 6.0 Evocations


You had 25 spell levels left.
You knew the following spells:

 Your Spells              Type           Power        Failure   Level  Hunger
j - Summon Lightning Spi  Summ/Air       ###.....     56%         4    ####...
w - Passwall              Tmut/Erth      ###.....     19%         2    None

Your spell library contained the following spells:

 Spells                   Type           Power        Failure   Level  Hunger
 Sandblast                Erth           ###...       7%          1    None
 Flame Tongue             Conj/Fire      #....        47%         1    None
 Freeze                   Ice            #...         47%         1    None
 Magic Dart               Conj           #...         47%         1    None
 Static Discharge         Conj/Air       ##......     50%         3    ##.....
 Stone Arrow              Conj/Erth      ###...       50%         3    ##.....
 Searing Ray              Conj           #.....       63%         2    None
 Throw Flame              Conj/Fire      #.....       63%         2    None
 Throw Frost              Conj/Ice       #.....       63%         2    None
 Petrify                  Tmut/Erth      ###.....     77%         4    ####...
 Conjure Flame            Conj/Fire      #.......     85%         3    ##.....
 Dazzling Spray           Conj/Hex       #.....       85%         3    ##.....
 Inner Flame              Hex/Fire       #.......     85%         3    ##.....
 Ozocubu's Armour         Chrm/Ice       #.......     85%         3    ##.....
 Summon Ice Beast         Ice/Summ       ##......     88%         4    ####...
 Lee's Rapid Deconstruct  Erth           ###.......   88%         5    #####..
 Force Lance              Conj/Tloc      #.......     99%         4    ####...
 Fulminant Prism          Conj/Hex       #.........   99%         4    ####...
 Iskenderun's Mystic Bla  Conj           #.......     99%         4    ####...
 Sticky Flame             Conj/Fire      #.......     99%         4    ####...
 Throw Icicle             Conj/Ice       #.......     99%         4    ####...
 Lightning Bolt           Conj/Air       ##........   99%         5    #####..
 Silence                  Hex/Air        ##........   99%         5    #####..
 Fireball                 Conj/Fire      #.........   100%        5    #####..
 Conjure Ball Lightning   Conj/Air       ##........   100%        6    #######
 Deflect Missiles         Chrm/Air       ##........   100%        6    #######
 Ignition                 Fire           #.........   100%        8    #######
 Shatter                  Erth           ###.......   100%        9    #######
 Tornado                  Air            ###.......   100%        9    #######


Dungeon Overview and Level Annotations

Branches:
Dungeon (14/15)            Temple (1/1) D:5            Lair (6/6) D:8
 Shoals (4/4) Lair:2        Snake (4/4) Lair:3        Slime (4/5) Lair:5
    Orc (2/2) D:10            Elf (0/3) Orc:2
 Vaults: D:13-14

Altars:
Ashenzari
Cheibriados
Dithmenos
Elyvilon
Fedhas
Gozag
Hepliaklqana
Kikubaaqudgha
Makhleb
Nemelex Xobeh
Okawaru
Qazlal
Ru
Sif Muna
Trog
Uskayaw
Vehumet
Wu Jian
Xom
Yredelemnul
Zin
The Shining One
Jiyva

Shops:
Orc:2 :*(%   Shoals:4 !   Snake:1 *   Snake:3 (   Snake:4 }?(}

Portals:
Pandemonium: Orc:2


Innate Abilities, Weirdness & Mutations

You are resistant to torment.
Your stone body is resilient. (AC +14)
You are immune to poison.
Your large and strong wings let you fly indefinitely.
You resist negative energy. (rN+)
You are resistant to electric shocks. (rElec)
You can survive without breathing.
You are immune to petrification.
You are immune to rotting.
Armour fits poorly on your strangely shaped body.
Your body sometimes deteriorates upon taking damage.
You are dopey. (Int -2)
Your magical capacity is low. (-10% MP)
You are occasionally teleported next to monsters.


Message History

The azure jelly hits you but does no damage. x2
You block the azure jelly's attack.
The azure jelly hits you but does no damage.
The slime creature is engulfed in freezing vapours.
The slime creature hits you but does no damage.
You slash the titanic slime creature!
The titanic slime creature is almost dead.
Unknown command.
You slash the titanic slime creature!
The titanic slime creature is almost dead.
The acid blob spits acid at you.
The splash of acid hits you but does no damage.
You are splashed with acid.
You resist.
* * * LOW HITPOINT WARNING * * *
You block the azure jelly's attack. x2; The azure jelly barely misses you.
The azure jelly hits you but does no damage. x2
You block the azure jelly's attack.
The azure jelly hits you but does no damage.
The azure jelly closely misses you. The titanic slime creature hits you!!!
You die...

................
................
..>........#....
.......J.......#
.........<......
................
.......JJ.......
......○@J.......
.##....JJ.......
#.............
.............#..
.##.##...#..#...
## .......# .#
....##... #
##..## #.##


You could see an acid blob, 2 azure jellies, a titanic slime creature and 2
slime creatures.

Vanquished Creatures
  Dissolution (Slime:2)
  Nikola (Snake:1)
  Jorgrun (Shoals:3)
  A titan (Shoals:1)
  7 acid blobs
  Gastronok (Lair:3)
  Frances (Snake:2)
  Polyphemus (Shoals:3)
  6 nagarajas (Snake:4)
  2 tengu reavers (D:13)
  Ilsuiw (Shoals:4)
  3 azure jellies (Lair:5)
  Donald (Shoals:1)
  A stone giant (Shoals:4)
  Nessos (Lair:4)
  2 blizzard demons (IceCv)
  7 merfolk javelineers (Shoals:4)
  Josephine (Lair:4)
  8 merfolk impalers (Shoals:4)
  The ghost of voshxx the Black Belt, a journeyman DsFi of Makhleb (D:13)
  A fire dragon (Lair:6)
  13 naga warriors
  5 hydras
  2 catoblepae
  Fannar (D:11)
  9 anacondas
  4 merfolk avatars
  An alligator snapping turtle (Shoals:4)
  2 centaur warriors (D:13)
  2 satyrs
  6 two-headed ogres
  10 death yaks
  2 merfolk aquamancers
  4 orc high priests (Orc:2)
  5 shock serpents
  10 naga sharpshooters
  A sun demon (Orc:2)
  2 salamander mystics
  A sixfirhy (Orc:2)
  4 unseen horrors (D:13)
  A deep troll (shapeshifter) (D:13)
  2 infernal demonspawn (Orc:2)
  11 sea snakes
  4 naga ritualists
  A torturous demonspawn (Orc:2)
  Pikel (D:6)
  4 orc knights (Orc:2)
  A kraken simulacrum (Shoals:4)
  A lindwurm (Lair:6)
  13 harpies
  7 mana vipers
  A deep elf mage (D:13)
  5 ugly things
  4 shining eyes
  5 fauns
  9 orc sorcerers
  7 water nymphs
  4 cyclopes
  8 manticores
  8 elephants
  8 salamanders
  7 merfolk sirens
  2 ice statues (IceCv)
  3 guardian serpents
  20 black mambas
  3 gargoyles
  22 naga magi
  7 spiny frogs
  3 molten gargoyles (Lair:6)
  An eye of devastation (Slime:2)
  12 komodo dragons
  A rime drake (shapeshifter) (D:13)
  A freezing wraith (D:13)
  11 ice devils
  A yaktaur (Shoals:3)
  2 anaconda simulacra (IceCv)
  A golden dragon simulacrum (IceCv)
  2 red devils (Orc:2)
  24 merfolk
  6 trolls
  5 wind drakes
  A hornet (D:11)
  4 blink frogs (Lair:1)
  8 hippogriffs
  20 dream sheep
  64 slime creatures
  10 snapping turtles
  40 yaks
  2 shadows
  2 vampires
  7 wraiths
  3 wyverns (Lair:6)
  A spriggan (shapeshifter) (D:13)
  13 water elementals
  A dire elephant simulacrum (IceCv)
  7 basilisks
  A chaos spawn (Orc:2)
  9 vampire mosquitoes
  5 golden eyes (Slime:3)
  A steam dragon (Lair:6)
  A warg (Orc:2)
  A hungry ghost (D:7)
  2 iron troll simulacra (IceCv)
  An acid dragon (D:12)
  64 nagas
  9 water moccasins
  5 hell hounds (Lair:6)
  A floating eye (Slime:2)
  3 hydra simulacra (IceCv)
  15 porcupines
  A hornet zombie (D:13)
  3 sky beasts
  An ettin simulacrum (IceCv)
  25 orc warriors
  2 slaves (D:6)
  4 eyes of draining
  2 phantoms
  A necrophage (D:9)
  4 ice beasts
  12 ogres
  3 wolves (Lair:3)
  10 centaurs
  12 crocodiles
  An elf zombie (Ossuary)
  Blork the orc (D:6)
  5 big kobolds (D:11)
  15 bullfrogs
  A wyvern zombie (D:8)
  3 scorpions
  11 killer bees (D:11)
  15 wights
  A howler monkey (D:4)
  5 crimson imps
  3 centaur zombies
  4 hounds
  5 lava snakes (Lair:6)
  A bullfrog zombie (D:13)
  A human zombie (Ossuary)
  24 orc wizards
  25 orc priests
  A bullfrog skeleton (D:4)
  A jelly (D:12)
  Ijyb (D:4)
  3 iguanas
  8 worker ants
  A killer bee zombie (D:8)
  3 big kobold zombies (Ossuary)
  3 hound zombies (Ossuary)
  2 hound skeletons
  3 mummies (Ossuary)
  11 gnolls
  10 adders
  3 shadow imps
  An ooze (D:3)
  2 adder skeletons
  6 adder zombies
  2 worms (D:3)
  A dart slug (D:4)
  7 leopard geckos
  49 orcs
  12 bats
  10 giant cockroaches
  10 goblins
  7 hobgoblins
  14 jackals
  18 kobolds
  3 quokkas
  4 frilled lizards
  A gnoll zombie (Ossuary)
  3 goblin zombies (Ossuary)
  6 hobgoblin zombies (Ossuary)
  3 jackal zombies (Ossuary)
  2 kobold zombies (Ossuary)
  5 quokka zombies
  8 rats
  A rat zombie (Ossuary)
  A bush (Lair:4)
  A butterfly (Lair:1)
  3 plants
  A tentacle (Shoals:4)
1105 creatures vanquished.

Vanquished Creatures (collateral kills)
  Louise (Snake:2)
  2 naga sharpshooters (Snake:4)
  A sea snake (Shoals:4)
  A shining eye (Slime:2)
  A naga mage (Snake:4)
  2 slime creatures (Slime:4)
  A golden eye (Slime:4)
9 creatures vanquished.

Vanquished Creatures (others)
  Aizul (Snake:1)
  A merfolk javelineer (Shoals:4)
  A satyr (Shoals:4)
  3 naga sharpshooters
  A harpy (Shoals:3)
  A manticore (Shoals:4)
  2 fauns
  2 cyclopes
  A naga mage (Snake:4)
  A water nymph (Shoals:4)
  3 black mambas (Snake:1)
  A merfolk (Shoals:2)
  2 nagas (Snake:1)
  An orc wizard (D:5)
  3 bushes (Lair:4)
  6 fungi
  24 plants
  3 tentacles (Shoals:4)
57 creatures vanquished.

Grand Total: 1171 creatures vanquished

Notes
Turn   | Place    | Note
-------+----------+-------------------------------------------
     0 | D:1      | MordorOrchid the Gargoyle Wanderer began the quest for the
                  | Orb.
     0 | D:1      | MordorOrchid set off with the following items: a +0 hand
                  | crossbow, a +2 leather armour, 27 bolts, a +0 shortbow, 25
                  | arrows, a +0 dagger, a ration
     0 | D:1      | Reached XP level 1. HP: 16/16 MP: 1/1
   163 | D:1      | Reached XP level 2. HP: 22/22 MP: 2/2
   249 | D:1      | Reached skill level 1 in Armour
   411 | D:1      | Reached XP level 3. HP: 27/27 MP: 3/3
   437 | D:1      | Reached skill level 2 in Armour
   646 | D:2      | Found a shattered altar of Ashenzari.
   648 | D:2      | Found a sparkling altar of Nemelex Xobeh.
   648 | D:2      | Found a snail-covered altar of Cheibriados.
   648 | D:2      | Found a radiant altar of Vehumet.
   811 | D:2      | Reached skill level 3 in Armour
   879 | D:2      | Reached XP level 4. HP: 32/32 MP: 4/4
  1327 | D:3      | Reached skill level 4 in Armour
  1406 | D:3      | Reached XP level 5. HP: 36/36 MP: 5/5
  2267 | D:4      | Reached skill level 5 in Armour
  2267 | D:4      | Reached skill level 1 in Evocations
  2281 | D:4      | Reached XP level 6. HP: 41/41 MP: 6/6
  2586 | D:4      | Noticed a phantom
  2608 | D:4      | Killed a phantom
  2660 | D:4      | Noticed Ijyb
  2673 | D:4      | Killed Ijyb
  2746 | D:4      | Got a sapphire falchion
  2747 | D:4      | Identified the cursed +1 falchion "Heunefung" {slice, rPois
                  | Str+3} (You found it on level 4 of the Dungeon)
  2880 | D:4      | Reached XP level 7. HP: 46/46 MP: 8/8
  2887 | D:4      | Reached skill level 6 in Armour
  2993 | D:5      | Entered Level 5 of the Dungeon
  3196 | D:5      | Found a staircase to the Ecumenical Temple.
  3207 | Temple   | Entered the Ecumenical Temple
  3277 | Temple   | Became a worshipper of Qazlal Stormbringer
  4073 | D:6      | Reached XP level 8. HP: 52/52 MP: 10/10
  4088 | D:6      | Reached skill level 1 in Crossbows
  4179 | D:6      | Noticed Blork the orc
  4184 | D:6      | Found a burning altar of Makhleb.
  4234 | D:6      | Found a glowing silver altar of Zin.
  4266 | D:6      | Reached skill level 7 in Armour
  4316 | D:6      | Found a shimmering altar of Xom.
  4342 | D:6      | Reached skill level 1 in Long Blades
  4391 | D:6      | Noticed Pikel
  4396 | D:6      | Killed Pikel
  4396 | D:6      | Reached XP level 9. HP: 57/57 MP: 11/11
  4456 | D:6      | Reached * piety under Qazlal
  4531 | D:6      | Killed Blork the orc
  4531 | D:6      | Reached skill level 8 in Armour
  4759 | D:7      | Paralysed by fainting for 6 turns
  4766 | D:7      | Reached skill level 1 in Invocations
  4969 | D:7      | Found an iron altar of Okawaru.
  4976 | D:7      | Learned a level 2 spell: Passwall
  5181 | D:7      | Found a sand-covered staircase.
  5195 | Ossuary  | Entered an ossuary
  5312 | Ossuary  | Reached ** piety under Qazlal
  5807 | D:8      | Found a staircase to the Lair.
  5829 | D:8      | Noticed a purple ugly thing
  5838 | D:8      | Killed a purple ugly thing
  5838 | D:8      | Reached XP level 10. HP: 50/64 MP: 13/13
  5854 | D:8      | Noticed a two-headed ogre
  5866 | D:8      | Killed a two-headed ogre
  5866 | D:8      | Reached skill level 5 in Long Blades
  5963 | D:8      | Reached skill level 5 in Evocations
  6007 | D:8      | Reached *** piety under Qazlal
  6292 | D:8      | Reached skill level 5 in Dodging
  6363 | D:8      | Found a sacrificial altar of Ru.
  6882 | D:9      | Reached skill level 9 in Armour
  7290 | D:10     | Entered Level 10 of the Dungeon
  7342 | D:10     | Found a staircase to the Orcish Mines.
  7439 | D:10     | Reached skill level 1 in Earth Magic
  7573 | D:10     | Reached XP level 11. HP: 68/68 MP: 15/15
  7632 | D:10     | Reached skill level 1 in Spellcasting
  7649 | D:10     | Reached **** piety under Qazlal
  7759 | D:10     | Reached skill level 1 in Transmutations
  7894 | D:10     | Noticed a two-headed ogre
  7928 | D:10     | Killed a two-headed ogre
  8112 | D:11     | Noticed Fannar
  8124 | D:11     | Noticed a two-headed ogre
  8345 | D:11     | Killed a two-headed ogre
  8537 | D:11     | Killed Fannar
  8579 | D:11     | Noticed a two-headed ogre
  8589 | D:11     | Killed a two-headed ogre
  8589 | D:11     | Reached ***** piety under Qazlal
  8826 | D:11     | Noticed a three-headed hydra
  8836 | D:11     | Killed a two-headed hydra
  8836 | D:11     | Reached skill level 10 in Long Blades
  9036 | D:12     | Noticed a two-headed ogre
  9037 | D:12     | Reached XP level 12. HP: 66/73 MP: 16/16
  9320 | D:12     | Noticed a four-headed hydra
  9351 | D:12     | Killed a one-headed hydra
  9494 | D:12     | Killed a two-headed ogre
  9538 | D:12     | Noticed a two-headed ogre
  9546 | D:12     | Killed a two-headed ogre
  9588 | D:12     | Reached skill level 10 in Armour
 10642 | D:13     | Noticed a centaur warrior
 10659 | D:13     | Killed a centaur warrior
 10787 | D:13     | Noticed a tengu reaver
 10789 | D:13     | Noticed a tengu reaver
 10795 | D:13     | Noticed voshxx's ghost (journeyman DsFi)
 10798 | D:13     | Found a transporter.
 10801 | D:13     | Found a transporter.
 10806 | D:13     | Noticed a centaur warrior
 10814 | D:13     | Killed a centaur warrior
 10814 | D:13     | Reached skill level 5 in Earth Magic
 11018 | D:13     | Reached XP level 13. HP: 79/79 MP: 17/17
 11520 | D:13     | Killed voshxx's ghost
 11520 | D:13     | Reached skill level 11 in Armour
 11523 | D:13     | Killed a tengu reaver
 11537 | D:13     | Killed a tengu reaver
 11925 | Orc:1    | Entered Level 1 of the Orcish Mines
 12076 | Orc:2    | Entered Level 2 of the Orcish Mines
 12098 | Orc:2    | Paralysed by an orc sorcerer for 6 turns
 12107 | Orc:2    | Reached skill level 1 in Shields
 12333 | Orc:2    | Found a staircase to the Elven Halls.
 12894 | Orc:2    | Found Zidd's General Store.
 13070 | Orc:2    | Found Peecoaxa's Food Emporium.
 13142 | Orc:2    | Reached skill level 1 in Throwing
 13324 | Orc:2    | Reached ****** piety under Qazlal
 13324 | Orc:2    | Reached skill level 10 in Fighting
 13638 | Orc:2    | Bought a scroll of silence for 120 gold pieces
 13839 | Orc:2    | Gained mutation: Your large and strong wings let you fly
                  | indefinitely. [Gargoyle growth]
 13839 | Orc:2    | Reached XP level 14. HP: 13/88 MP: 18/18
 14303 | Orc:2    | Reached skill level 5 in Shields
 14334 | Orc:2    | Reached skill level 12 in Armour
 14432 | Orc:2    | Found Onum Saz's Antique Weapon Boutique.
 14432 | Orc:2    | Found Gupuekh's Book Shop.
 14432 | Orc:2    | Found a one-way gate leading to the halls of Pandemonium.
 14438 | Orc:2    | Bought a fine long sword for 221 gold pieces
 14438 | Orc:2    | Identified the +3 long sword of the Vestibule of Hell
                  | {vamp, rC- MR+++ Str+4 Dex-5} (You bought it in a shop on
                  | level 2 of the Orcish Mines)
 15018 | Lair:1   | Entered Level 1 of the Lair of Beasts
 15562 | Lair:1   | Reached skill level 5 in Invocations
 15661 | Lair:1   | Learned a level 4 spell: Summon Lightning Spire
 16358 | Lair:2   | Found a staircase to the Shoals.
 16936 | Lair:3   | Noticed Gastronok
 16953 | Lair:3   | Killed Gastronok
 17334 | Lair:3   | Found a staircase to the Snake Pit.
 17811 | Lair:4   | Noticed Josephine
 17828 | Lair:4   | Killed Josephine
 17847 | Lair:4   | Noticed Nessos
 17891 | Lair:4   | Killed Nessos
 17937 | Lair:4   | Reached XP level 15. HP: 66/93 MP: 19/19
 18133 | Lair:4   | Reached skill level 5 in Throwing
 18893 | Lair:5   | Got a bloodstained shield
 18897 | Lair:5   | Identified the cursed +0 shield of Tukail {rC+} (You found
                  | it on level 5 of the Lair of Beasts)
 18956 | Lair:5   | Found a viscous altar of Jiyva.
 18957 | Lair:5   | Found a staircase to the Slime Pits.
 19526 | Lair:6   | Entered Level 6 of the Lair of Beasts
 19761 | Lair:6   | Reached skill level 10 in Shields
 20596 | Lair:6   | Found a large runed translucent door.
 20597 | Lair:6   | Found a large runed translucent door.
 21019 | Snake:1  | Entered Level 1 of the Snake Pit
 21089 | Snake:1  | Reached skill level 13 in Armour
 21097 | Snake:1  | Noticed Nikola
 21342 | Snake:1  | Noticed Aizul
 21356 | Snake:1  | Killed Aizul
 21362 | Snake:1  | Killed Nikola
 21597 | Snake:1  | Reached XP level 16. HP: 64/98 MP: 21/21
 22031 | Snake:1  | Found Vextysk's Mass Market.
 22319 | Snake:2  | Noticed Louise
 22340 | Snake:2  | Killed Louise
 22382 | Snake:2  | Found a sacrificial altar of Ru.
 22655 | Snake:2  | Noticed Frances
 22686 | Snake:2  | Killed Frances
 23581 | Snake:3  | Found a frozen archway.
 23600 | IceCv    | Entered an ice cave
 24029 | IceCv    | Found the +9 heavy crossbow "Sniper" {velocity, Acc+∞ SInv}
 24179 | Snake:3  | Found Zorchawui's Antique Weapon Shop.
 24311 | Snake:3  | Reached skill level 5 in Spellcasting
 24952 | Snake:4  | Entered Level 4 of the Snake Pit
 25062 | Snake:3  | Reached skill level 15 in Long Blades
 25062 | Snake:3  | Reached XP level 17. HP: 15/104 MP: 25/25
 25117 | Snake:4  | HP: 5/104 [nagaraja/orb of energy (12)]
 25357 | Snake:4  | Found Rupn's Gadget Shoppe.
 25375 | Snake:4  | Found Nyum's Antique Weapon Emporium.
 25375 | Snake:4  | Found Gualuh's Magic Scroll Shoppe.
 25408 | Snake:4  | Found Citiosorch's Gadget Emporium.
 25417 | Snake:4  | Bought a scroll of immolation for 70 gold pieces
 25417 | Snake:4  | Bought a scroll of teleportation for 60 gold pieces
 25423 | Snake:4  | Bought a runed scimitar for 224 gold pieces
 25427 | Snake:4  | Bought a wand of clouds (5) for 432 gold pieces
 25995 | Snake:4  | Reached skill level 14 in Armour
 27055 | Snake:4  | Got a serpentine rune of Zot
 27262 | Lair:2   | Upgraded the game from 0.24-a0-537-g2d01d4ab0a to
                  | 0.24-a0-539-g6aae15eeb0
 27263 | Shoals:1 | Entered Level 1 of the Shoals
 27876 | Shoals:3 | Noticed Jorgrun
 28135 | Shoals:3 | Killed Jorgrun
 28135 | Shoals:3 | Reached skill level 1 in Summonings
 28375 | Shoals:3 | Reached skill level 1 in Air Magic
 28408 | Shoals:3 | Reached XP level 18. HP: 106/112 MP: 27/27
 28721 | Shoals:4 | Entered Level 4 of the Shoals
 28805 | Shoals:4 | Noticed Polyphemus
 28913 | Shoals:1 | Noticed Donald
 28937 | Shoals:1 | Killed Donald
 29149 | Shoals:4 | Reached skill level 15 in Shields
 29187 | Shoals:3 | Killed Polyphemus
 29390 | Shoals:4 | Reached skill level 15 in Armour
 29642 | Shoals:4 | Noticed Ilsuiw
 29656 | Shoals:4 | Killed Ilsuiw
 30208 | Shoals:4 | Found Watylips's Distillery.
 30218 | Shoals:4 | Identified the +2 pair of boots of the Dolphin {rC- MR+++
                  | Str+7} (You found it on level 4 of the Shoals)
 30483 | Shoals:3 | Reached skill level 16 in Armour
 30582 | Shoals:4 | Bought a potion of heal wounds for 65 gold pieces
 30582 | Shoals:4 | Bought a potion of heal wounds for 65 gold pieces
 30582 | Shoals:4 | Bought a potion of haste for 130 gold pieces
 30582 | Shoals:4 | Bought a potion of curing for 39 gold pieces
 30738 | Shoals:4 | Got a twitching platinum ring
 30739 | Shoals:4 | Identified the ring of Autumn {rPois Stlth-} (You found it
                  | on level 4 of the Shoals)
 30933 | Shoals:4 | Got a barnacled rune of Zot
 30999 | Shoals:4 | Bought a potion of invisibility for 104 gold pieces
 30999 | Shoals:4 | Bought a potion of agility for 52 gold pieces
 30999 | Shoals:4 | Bought 2 potions of berserk rage for 130 gold pieces
 31076 | Shoals:1 | Noticed a titan
 31096 | Shoals:1 | Killed a titan
 31343 | Slime:1  | Entered Level 1 of the Pits of Slime
 31360 | Lair:5   | Reached XP level 19. HP: 111/116 MP: 23/28
 31379 | Lair:5   | Gained mutation: You are occasionally teleported next to
                  | monsters. [a shining eye]
 31501 | Lair:5   | Reached skill level 5 in Summonings
 31643 | Slime:1  | Gained mutation: Your body sometimes deteriorates upon
                  | taking damage. [a shining eye]
 31648 | Lair:5   | Gained mutation: Armour fits poorly on your strangely
                  | shaped body. [a shining eye]
 31650 | Lair:5   | Gained mutation: Your magical capacity is low. (-10% MP) [a
                  | shining eye]
 31821 | Slime:2  | Gained mutation: You are dopey. (Int -2) [a shining eye]
 31924 | Slime:1  | Found a viscous altar of Jiyva.
 32028 | Slime:1  | Reached skill level 5 in Air Magic
 32263 | Slime:2  | Paralysed by a floating eye for 2 turns
 32707 | Slime:3  | Noticed Dissolution
 32771 | Slime:2  | Paralysed by a floating eye for 2 turns
 32869 | Slime:2  | Paralysed by a floating eye for 3 turns
 32874 | Slime:2  | Killed Dissolution
 33282 | Slime:3  | Reached skill level 10 in Invocations
 33445 | Slime:4  | Reached skill level 10 in Throwing
 33460 | Slime:4  | Demolished by a titanic slime creature

Levels and vault maps discovered:
D:1:      minmay_arrival_widening_spiral_wide, layout_rooms
D:2:      layout_rooms, chequers_temple_overflow_statue_of_worship,
          first_ration, serial_forest, infiniplex_forest_end_2,
          infiniplex_forest_clump_tiny, infiniplex_forest_join,
          infiniplex_forest_lined_3_way, infiniplex_forest_straight_4,
          infiniplex_forest_clump_tiny, infiniplex_forest_clump_long,
          infiniplex_forest_lined_2
D:3:      layout_basic, minmay_misc_feat_five, minivault_19
D:4:      layout_loops_cross, serial_park_tiny_pond, uniq_ijyb
D:5:      layout_loops_corners, minmay_temple_entry_gardened_gates,
          eino_curves_01
D:6:      layout_cave_pools, makhleb_grotto_becter, kennysheep_little_box,
          lemuel_round_altar, uniq_blork_the_orc, uniq_pikel
D:7:      layout_cave_pools, okawaru_metal_pillars_1_2,
          nicolae_ossuary_entry_false_entrances
D:8:      minmay_goldmine, layout_basic, nicolae_overflow_crystal_walls,
          dpeg_oklobed_lair
D:9:      layout_irregular_city
D:10:     layout_roguey, orc_0_dummy, nrook_uturn
D:11:     layout_loops_ring, hangedman_ranch [blue_anna_fruit_fields],
          uniq_fannar
D:12:     layout_basic
D:13:     layout_irregular_city, gammafunk_ghost_arena
D:14:     layout_loops_cross, grunt_vaults_entry_tiered, patterned_corridor,
          nicolae_dithmenos_shadow_blocks
Temple:   dshaligram_water_room_temple
Lair:1:   layout_gridlike, infiniplex_staircase_pool, lemuel_fruit_tree,
          lemuel_fruit_fields, serial_bayou_shore_a
Lair:2:   layout_cave_pods, elwin_shoals_entry_rooms
Lair:3:   layout_small_grid, minmay_snake_entry_guardpost_medium, uniq_gastronok
Lair:4:   layout_gridlike, minmay_hedge_maze, beast_lair_carwin_9, uniq_nessos,
          uniq_josephine
Lair:5:   layout_gridlike, dpeg_slime_entry_enclosed_altar
Lair:6:   cheibrodos_lair_end_hotspot, layout_regular_city, pond
Shoals:1: cheibrodos_shoals_gigantism, layout_shoals, uniq_donald
Shoals:2: layout_shoals
Shoals:3: layout_shoals, yaktaur_hedge, uniq_jorgrun
Shoals:4: shoals_end_grunt_ice, layout_shoals, shoals_ilsuiw_alternative,
          serial_shops, shop, nicolae_shoals_arrival_archipelago,
          uniq_polyphemus
Snake:1:  layout_rooms, minmay_shop_mass, serial_bayou_pond_e, uniq_nikola,
          uniq_aizul
Snake:2:  layout_layer_cave, basic_altar, nicolae_snake_linked_coils,
          abandoned_shop, uniq_frances, uniq_louise
Snake:3:  layout_basic, portal_ice_cave_entry_pillars_1, serial_shops, shop,
          drop_trap
Snake:4:  minmay_snake_end_coiled, layout_cave_town, minmay_shoptagon
Slime:1:  layout_caves, basic_altar
Slime:2:  layout_caves
Slime:3:  layout_caves, cheibrodos_slime_lost_civilization_5, uniq_dissolution
Slime:4:  layout_caves
Orc:1:    layout_caves
Orc:2:    pf_orc_diabolical, layout_diamond_mine

Skill      XL: |  1  2  3  4  5  6  7  8  9 10 11 12 13 14 15 16 17 18 19 |
---------------+----------------------------------------------------------+-----
Fighting       | 6 7 8 10 11 12 | 12.0
Armour         | 1 3 4 5 6 7 8 9 10 11 12 13 14 16 | 16.5
Evocations     | 1 2 3 4 5 6 |  6.0
Dodging        | 2 3 4 5 |  5.0
Crossbows      | 2 |  2.0
Long Blades    | 2 4 7 10 12 13 14 15 | 15.3
Invocations    | 2 4 5 7 10 | 10.2
Earth Magic    | 1 3 5 |  5.0
Spellcasting   | 2 3 5 6 |  6.6
Transmutations | 2 |  2.0
Shields        | 4 8 11 13 14 15 | 15.0
Throwing       | 2 4 6 7 8 10 | 10.0
Summonings     | 1 4 5 |  5.0
Air Magic      | 1 4 5 |  5.0
Bows           | |  1.0
Stealth        | |  3.2

Action                   |  1- 3 |  4- 6 |  7- 9 | 10-12 | 13-15 | 16-18 | 19-21 || total
-------------------------+-------+-------+-------+-------+-------+-------+-------++-------
Melee: Dagger            |     1 |       |       |       |       |       |       ||     1
       Long sword        |       |       |    98 |   440 |  1197 |  1754 |   417 ||  3906
       Falchion          |       |       |       |    12 |    30 |       |       ||    42
 Fire: Shortbow          |   136 |    39 |       |       |       |       |       ||   175
       Hand crossbow     |     2 |   159 |   251 |   168 |   248 |    30 |       ||   858
Throw: Dart              |       |       |       |    16 |    39 |     4 |     8 ||    67
       Boomerang         |       |       |       |    20 |    92 |   246 |    20 ||   378
       Javelin           |       |       |       |       |     9 |     3 |     5 ||    17
Invok: Upheaval          |       |       |       |       |     2 |     2 |     8 ||    12
       Elemental Force   |       |       |       |       |       |     4 |     7 ||    11
       Disaster Area     |       |       |       |       |       |     1 |     3 ||     4
 Abil: Fly               |       |       |       |       |     2 |     1 |       ||     3
       Stop Flying       |       |       |       |       |     1 |     1 |       ||     2
       Evoke Berserk Rag |       |       |       |       |     2 |     3 |       ||     5
Evoke: Wand              |       |       |     6 |     5 |     3 |    72 |       ||    86
       Lamp of fire      |       |       |       |       |     2 |     2 |       ||     4
       Phial of floods   |       |       |       |       |       |     1 |       ||     1
  Use: Scroll            |       |     6 |    18 |     8 |     7 |    13 |     1 ||    53
       Potion            |       |       |       |       |     8 |     5 |     3 ||    16
 Stab: Sleeping          |     1 |       |       |       |       |       |       ||     1
       Distracted        |       |       |       |       |     1 |       |       ||     1
  Eat: Chunk             |       |     6 |     7 |    16 |    32 |    17 |       ||    78
       Ration            |       |       |     2 |     1 |     2 |     8 |     2 ||    15
Armor: Leather armour    |    47 |    44 |       |       |       |       |       ||    91
       Chain mail        |       |    19 |       |       |       |       |       ||    19
       Ring mail         |       |    18 |    23 |       |       |    44 |       ||    85
       Scale mail        |       |       |   120 |   256 |   431 |    71 |       ||   878
       Plate armour      |       |       |       |       |       |   575 |   219 ||   794
Dodge: Dodged            |    63 |    57 |   114 |   263 |   307 |   314 |    92 ||  1210
       Deflected         |       |       |       |    10 |    18 |    73 |     6 ||   107
Block: Other             |       |       |     9 |   107 |    11 |       |       ||   127
       Buckler           |       |       |       |       |   411 |       |       ||   411
       Reflection        |       |       |       |       |     7 |   194 |     9 ||   210
       Shield            |       |       |       |       |   396 |  1809 |   413 ||  2618
       Rpst.: Long sword |       |       |    15 |    68 |    66 |    53 |    16 ||   218
       Falchion          |       |       |       |     1 |     1 |       |       ||     2

Table legend:
 A = Non-vault XP
 B = Vault XP
 C = Vault XP percentage of total XP
 D = Non-vault monster count
 E = Vault monster count
 F = Vault count percentage of total count
                 A         B        C        D         E       F
            +---------+---------+-------+---------+---------+-------
      Total |  230402 |  138948 |  37.6 |     813 |     309 |  27.5
            +---------+---------+-------+---------+---------+-------
        D:1 |      57 |       0 |   0.0 |      24 |       0 |   0.0
        D:2 |      29 |       0 |   0.0 |      17 |       0 |   0.0
        D:3 |     133 |       0 |   0.0 |      36 |       0 |   0.0
        D:4 |     463 |      36 |   7.2 |      15 |       1 |   6.2
        D:5 |     452 |       0 |   0.0 |      17 |       0 |   0.0
        D:6 |     898 |     801 |  47.1 |      17 |       3 |  15.0
        D:7 |     812 |       0 |   0.0 |      17 |       0 |   0.0
        D:8 |    2789 |     315 |  10.1 |      37 |      11 |  22.9
        D:9 |    1315 |       0 |   0.0 |      13 |       0 |   0.0
       D:10 |    2177 |       0 |   0.0 |      19 |       0 |   0.0
       D:11 |    6346 |    3170 |  33.3 |      50 |       9 |  15.3
       D:12 |    6093 |       0 |   0.0 |      23 |       0 |   0.0
       D:13 |    8045 |    7121 |  47.0 |      26 |       9 |  25.7
       D:14 |     205 |       0 |   0.0 |       1 |       0 |   0.0
     Lair:1 |    3605 |       0 |   0.0 |      13 |       0 |   0.0
     Lair:2 |    4021 |       0 |   0.0 |      20 |       0 |   0.0
     Lair:3 |    5174 |    2894 |  35.9 |      18 |       5 |  21.7
     Lair:4 |    9136 |    6269 |  40.7 |      22 |      12 |  35.3
     Lair:5 |   20473 |       0 |   0.0 |      62 |       0 |   0.0
     Lair:6 |    8806 |    8000 |  47.6 |      34 |      32 |  48.5
   Shoals:1 |    6125 |    5954 |  49.3 |      15 |       5 |  25.0
   Shoals:2 |    1087 |       0 |   0.0 |       3 |       0 |   0.0
   Shoals:3 |   15784 |    6710 |  29.8 |      34 |       5 |  12.8
   Shoals:4 |   25360 |   33111 |  56.6 |      47 |      47 |  50.0
    Snake:1 |   14004 |    4253 |  23.3 |      24 |       2 |   7.7
    Snake:2 |    9232 |    2437 |  20.9 |      17 |       2 |  10.5
    Snake:3 |   22269 |       0 |   0.0 |      50 |       0 |   0.0
    Snake:4 |   20109 |   23058 |  53.4 |      39 |      42 |  51.9
    Slime:1 |   10007 |       0 |   0.0 |      14 |       0 |   0.0
    Slime:2 |    8831 |    8545 |  49.2 |      24 |       1 |   4.0
    Slime:3 |    8527 |       0 |   0.0 |      18 |       0 |   0.0
    Slime:4 |    3714 |       0 |   0.0 |       7 |       0 |   0.0
      Orc:1 |    1219 |       0 |   0.0 |      12 |       0 |   0.0
      Orc:2 |    3105 |   17291 |  84.8 |      28 |      62 |  68.9
    Ossuary |       0 |     432 | 100.0 |       0 |      37 | 100.0
      IceCv |       0 |    8551 | 100.0 |       0 |      24 | 100.0
            +---------+---------+-------+---------+---------+-------
